 Dungeon Crawl Stone Soup version 0.29-a0-2-g12fcac58f8 (webtiles) character file.

Game seed: 5233353073835406112

898 Ajdolov the Covert (level 7, -6/33 HPs)
             Began as a Spriggan Brigand on Jan 26, 2022.
             Was an Initiate of Dithmenos.
             Mangled by Duvessa (18 damage)
             ... on level 5 of the Dungeon.
             The game lasted 00:19:30 (5139 turns).

Ajdolov the Covert (Spriggan Brigand)               Turns: 5139, Time: 00:19:31

Health: -6/33      AC:  5    Str:  7    XL:     7   Next: 79%
Magic:  8/8        EV: 19    Int: 13    God:    Dithmenos [......]
Gold:   141        SH:  0    Dex: 18    Spells: 6/6 levels left

rFire   + . .      SeeInvis +   b - +0 rapier
rCold   . . .      Faith    .   (no shield)
rNeg    . . .      Spirit   .   f - +2 robe {rF+}
rPois   .          Reflect  .   (helmet restricted)
rElec   .          Harm     .   c - +0 cloak
rCorr   .          Rampage  .   (gloves unavailable)
Will    +....                   (boots unavailable)
Stlth   +++++.....              (no amulet)
HPRegen 0.11/turn               (no ring)
MPRegen 0.11/turn               (no ring)

@: very quick
A: very small, no large weapons, unfitting armour, see invisible, speed 3
a: Renounce Religion


You were on level 5 of the Dungeon.
You worshipped Dithmenos.
Dithmenos was noncommittal.
You visited 2 branches of the dungeon, and saw 6 of its levels.

You collected 141 gold pieces.

Inventory:

Hand Weapons
 a - a +2 dagger
 b - a +0 rapier (weapon)
Missiles
 j - 29 sling bullets
Armour
 c - a +0 cloak (worn)
 f - a +2 robe of fire resistance (worn)
Wands
 w - a wand of charming (9)
 x - a wand of flame (5)
Scrolls
 g - a scroll of blinking {unknown}
 h - a scroll of noise {unknown}
 i - a scroll of acquirement {unknown}
 l - a scroll of enchant weapon {unknown}
 m - a scroll of enchant armour {unknown}
 n - a scroll of holy word {unknown}
 p - a scroll of magic mapping {unknown}
 s - a scroll of fear {unknown}
 t - a scroll of teleportation {unknown}
 u - 3 scrolls of identify {unknown}
Potions
 k - a potion of heal wounds {unknown}
 o - 3 potions of curing {unknown}
 q - 2 potions of magic {unknown}
 r - a potion of haste {unknown}
 v - a potion of attraction {unknown}


   Skills:
 - Level 1.5 Fighting
 + Level 5.5 Short Blades
 - Level 1.4(2.1) Slings
 - Level 2.0(2.1) Throwing
 + Level 4.6 Dodging
 * Level 11.6 Stealth


You had 6 spell levels left.
You didn't know any spells.
Your spell library was empty.

Dungeon Overview and Level Annotations

Branches:
Dungeon (5/15)             Temple (1/1) D:4

Altars:
Ashenzari
Dithmenos
Fedhas
Makhleb
Ru
Sif Muna
Uskayaw
Wu Jian
Yredelemnul
The Shining One

Annotations:
D:3 3 runed translucent doors, exclusion: phantom
D:5 Duvessa


Innate Abilities, Weirdness & Mutations

You are very small and have problems with some larger weapons.
You are too small for most types of armour.
You have supernaturally acute eyesight. (SInv)
You cover ground extremely quickly. (Speed+++)


Message History

The floor, spattered with blood.
b - a +0 rapier (weapon)
You hit Duvessa.
Duvessa is heavily wounded.
Duvessa misses you.
You closely miss Duvessa.
Duvessa is heavily wounded.
Duvessa hits you with a +0 short sword. Duvessa misses you.
You hit Duvessa but do no damage.
Duvessa is heavily wounded.
Duvessa barely misses you.
You hit Duvessa.
Duvessa is severely wounded.
Duvessa hits you with a +0 short sword. Duvessa closely misses you.
You hit Duvessa.
Duvessa is severely wounded.
Duvessa barely misses you.
You barely miss Duvessa.
Duvessa is severely wounded.
Duvessa closely misses you.
You hit Duvessa but do no damage. Your punch misses Duvessa.
Duvessa is severely wounded.
Duvessa misses you. Duvessa barely misses you.
You hit Duvessa but do no damage.
Duvessa is severely wounded.
Duvessa hits you with a +0 short sword!
You hit Duvessa.
Duvessa is almost dead.
Duvessa barely misses you. Duvessa closely misses you.
You barely miss Duvessa.
Duvessa is almost dead.
Duvessa completely misses you.
You barely miss Duvessa.
Duvessa is almost dead.
Duvessa barely misses you.
You hit Duvessa.
Duvessa is almost dead.
Duvessa hits you with a +0 short sword!!
Ouch! That really hurt!
You die...

...# ##..... ...## ##...†..
#...# ###.....e. #?
###...###......... #..
##......##.#....... ....
##..........##...... ....#
###...........###.....
.....#####.............####....
.......#....<.@e........##.....
.......<÷................##....
#....#................#...##...
#.. ###...........####...###..
# ##........### #...##...
##.....>.# ##...##.. #).....##
##....###. ##.....# ##.....##..
#.....#####...######.


You could see Duvessa (berserk, fast).

Vanquished Creatures
  Eustachio (D:5)
  A necrophage (D:4)
  2 black bears
  A scorpion (D:4)
  A gnoll sergeant (D:4)
  Dowan (D:5)
  A howler monkey (D:4)
  A hound (D:5)
  A centaur skeleton (D:4)
  3 iguanas
  4 gnolls
  2 adders
  An ufetubus (D:3)
  An adder skeleton (D:4)
  A worm (D:4)
  4 dart slugs
  5 orcs (D:4)
  6 bats
  12 endoplasms
  3 giant cockroaches (D:1)
  7 hobgoblins
  4 jackals
  2 quokkas
  10 ball pythons
  3 frilled lizards
  3 goblins
  3 kobolds
  8 rats
92 creatures vanquished.

Vanquished Creatures (others)
  A fungus (D:1)
  A plant (D:1)
2 creatures vanquished.

Grand Total: 94 creatures vanquished

Notes
Turn   | Place    | Note
-------+----------+-------------------------------------------
     0 | D:1      | Ajdolov the Spriggan Brigand began the quest for the Orb.
     0 | D:1      | Reached XP level 1. HP: 10/10 MP: 2/2
   114 | D:1      | Reached skill level 6 in Stealth
   152 | D:1      | Reached XP level 2. HP: 14/14 MP: 3/3
   640 | D:1      | Reached XP level 3. HP: 18/18 MP: 4/4
   888 | D:1      | Reached skill level 7 in Stealth
   956 | D:1      | Found a faded altar of an unknown god.
   987 | D:2      | Reached skill level 1 in Slings
  1275 | D:2      | Reached XP level 4. HP: 22/22 MP: 5/5
  1636 | D:3      | Noticed a phantom
  2002 | D:3      | Noticed a black bear
  2043 | D:3      | Killed a black bear
  2044 | D:3      | Reached skill level 8 in Stealth
  2044 | D:3      | Reached XP level 5. HP: 21/25 MP: 6/6
  2456 | D:3      | Found a runed translucent gate.
  2456 | D:3      | Found a runed translucent gate.
  2456 | D:3      | Found a runed translucent gate.
  2532 | D:4      | Reached skill level 9 in Stealth
  2544 | D:4      | Noticed a necrophage
  2607 | D:4      | Found a burning altar of Makhleb.
  2607 | D:4      | Found a sacrificial altar of Ru.
  3309 | D:4      | Reached XP level 6. HP: 30/30 MP: 7/7
  3906 | D:4      | Reached skill level 10 in Stealth
  4042 | D:4      | Reached XP level 7. HP: 32/33 MP: 8/8
  4091 | D:4      | Found a staircase to the Ecumenical Temple.
  4098 | Temple   | Entered the Ecumenical Temple
  4135 | Temple   | Became a worshipper of Dithmenos the Shadowed
  4178 | D:4      | Found a shimmering blue altar of Sif Muna.
  4398 | D:4      | Reached skill level 5 in Short Blades
  4690 | D:5      | Entered Level 5 of the Dungeon
  4858 | D:5      | Reached skill level 11 in Stealth
  5050 | D:5      | Noticed Eustachio
  5057 | D:5      | Killed Eustachio
  5063 | D:5      | Noticed Dowan
  5066 | D:5      | Noticed Duvessa
  5107 | D:5      | Killed Dowan
  5139 | D:5      | Mangled by Duvessa

Illustrated notes

Levels and vault maps discovered:
D:1:      nzn_arrival_settlement, layout_rooms,
          shapermc_ecumenical_altar_mp_ritualfount
D:2:      layout_rooms
D:3:      layout_basic, gammafunk_ghost_cemetery
D:4:      layout_basic, mainiacjoe_overflow_paths,
          mainiacjoe_overflow_divided_tiny, temple_green, lightli_minifort
D:5:      layout_layer_cave, chequers_serial_rivers_small_a,
          nicolae_figureground_pulse, uniq_eustachio, uniq_duvessa
Temple:   mainiacjoe_temple_coin_purse

Skill      XL: |  1  2  3  4  5  6  7 |
---------------+----------------------+-----
Stealth        | 6 7 8 9 10 11 | 11.6
Short Blades   | 3 4 5 |  5.5
Slings         | 1 |  1.4
Dodging        | 2 3 4 |  4.6
Fighting       | |  1.5
Throwing       | |  2.0

Action                   |  1- 3 |  4- 6 |  7- 9 || total
-------------------------+-------+-------+-------++-------
Melee: Dagger            |   108 |   122 |    35 ||   265
       Punch             |     1 |     2 |       ||     3
       Rapier            |       |    20 |    14 ||    34
Throw: Dart              |    33 |    21 |    28 ||    82
Evoke: Wand              |       |    15 |       ||    15
 Stab: Sleeping          |     9 |    12 |     1 ||    22
       Distracted        |       |     1 |       ||     1
Armor: Robe              |    25 |    12 |       ||    37
Dodge: Dodged            |    75 |    88 |    31 ||   194

Table legend: (Time is in decaauts)
 A = Elapsed time spent in this place.
 B = Non-inter-level travel time spent in this place.
 C = Inter-level travel time spent in this place.
 D = Time resting spent in this place.
 E = Time spent auto-exploring this place.
 F = Levels seen in this place.
 G = Mean time per level.
                   A        B        C        D        E       F      G
               +--------+--------+--------+--------+--------+-----+--------+
         Total |   3818 |   3707 |    111 |    641 |   2036 |   6 |  636.3 |
       Dungeon |   3786 |   3682 |    104 |    641 |   2019 |   5 |  757.2 |
        Temple |     31 |     24 |      7 |      0 |     16 |   1 |   31.0 |
               +--------+--------+--------+--------+--------+-----+--------+

Top non-repeatable levels by time:
     D:4: 1455 daAuts
     D:3: 814 daAuts
     D:1: 724 daAuts
     D:2: 465 daAuts
     D:5: 327 daAuts
  Temple: 31 daAuts
